 Dungeon Crawl Stone Soup version 0.30-a0-626-gd6a5dd7a1f (webtiles) character file.

Game seed: 5537780129088699857

3283 Oxelix the Basher (level 9, -25/85 HPs)
             Began as a Minotaur Fighter on Jan 11, 2023.
             Was a Believer of Okawaru.
             Annihilated by a very large slime creature (50 damage)
             ... on level 8 of the Dungeon.
             The game lasted 00:16:01 (8407 turns).

Oxelix the Basher (Minotaur Fighter)                Turns: 8407, Time: 00:16:02

Health: -25/85     AC: 16    Str: 24      XL:     9   Next: 69%
Magic:  9/11       EV:  8    Int:  5      God:    Okawaru [**....]
Gold:   423        SH:  5    Dex:  8 (11) Spells: 8/8 levels left

rFire   . . .      SeeInvis +    B - +4 hammer
rCold   . . .      Faith    +    c - +0 buckler
rNeg    . . .      Spirit   .    z - +0 plate armour
rPois   .          Reflect  .    (helmet restricted)
rElec   .          Harm     .    (no cloak)
rCorr   .          Rampage  .    H - +0 pair of gloves
Will    .....                    p - +0 pair of boots Stlth
                                 A - amulet of faith
HPRegen 0.34/turn                J - ring of see invisible
MPRegen 0.12/turn                (no ring)

@: heroic
A: horns 2, retaliatory headbutt
a: Renounce Religion, Heroism


You were on level 8 of the Dungeon.
You worshipped Okawaru.
Okawaru was pleased with you.
You visited 1 branch of the dungeon, and saw 8 of its levels.

You collected 423 gold pieces.

Inventory:

Hand Weapons
 a - a +0 flail
 B - a +4 hammer (weapon)
Armour
 c - a +0 buckler (worn)
 p - a +0 pair of boots (worn)
 z - a +0 plate armour (worn)
 H - a +0 pair of gloves (worn)
Jewellery
 j - an amulet of guardian spirit
 o - a ring of protection from fire
 w - a +5 ring of evasion
 x - a ring of positive energy
 A - an amulet of faith (around neck)
 J - a ring of see invisible (left hand)
 L - a +6 ring of dexterity
Wands
 D - a wand of mindburst (22)
 I - a wand of iceblast (6)
 K - a wand of acid (10)
Scrolls
 b - a scroll of poison {unknown}
 e - 2 scrolls of magic mapping {unknown}
 g - 3 scrolls of fear {unknown}
 h - a scroll of blinking {unknown}
 l - 3 scrolls of enchant weapon {unknown}
 n - 5 scrolls of identify {unknown}
 q - a scroll of torment {unknown}
 s - a scroll of silence {unknown}
 u - a scroll of enchant armour {unknown}
 v - a scroll of fog {unknown}
 y - a scroll of teleportation {unknown}
 C - 2 scrolls of brand weapon {unknown}
Potions
 d - 3 potions of might
 f - 2 potions of mutation {unknown}
 i - a potion of ambrosia {unknown}
 k - a potion of degeneration {unknown}
 m - a potion of berserk rage {unknown}
 r - 2 potions of brilliance {unknown}
 t - a potion of invisibility {unknown}
 E - a potion of cancellation {unknown}
 F - 3 potions of heal wounds {unknown}
 G - 2 potions of magic {unknown}


   Skills:
 + Level 10.0(15.0) Fighting
 * Level 12.5(17.5) Maces & Flails
 - Level 3.6(8.6) Armour
 - Level 3.6(8.6) Shields
 + Level 4.3 Invocations


You had 8 spell levels left.
You didn't know any spells.
Your spell library contained the following spells:

 Spells                   Type           Power      Damage    Failure   Level
 Beastly Appendage        Tmut           0%         N/A       100%        1
 Slow                     Hex            0%         N/A       100%        1
 Wereblood                Tmut           0%         N/A       100%        2
 Confusing Touch          Hex            0%         N/A       100%        3
 Gell's Gravitas          Tloc           0%         N/A       100%        3
 Portal Projectile        Hex/Tloc       0%         N/A       100%        3
 Spider Form              Tmut/Pois      0%         N/A       100%        3
 Teleport Other           Tloc           0%         N/A       100%        3
 Vampiric Draining        Necr           0%         2d6       100%        3
 Leda's Liquefaction      Hex/Erth       0%         N/A       100%        4
 Dispersal                Tloc           0%         N/A       100%        6
 Chain Lightning          Conj/Air       0%         N/A       100%        9
 Fire Storm               Conj/Fire      0%         5d1       100%        9
 Shatter                  Erth           0%         3d5*      100%        9
 Call Canine Familiar     Summ           Unusable   N/A       N/A         3

Dungeon Overview and Level Annotations

Branches:
Dungeon (8/15)             Temple (0/1) D:6
   Lair: D:8-11

Altars:
Ashenzari
Gozag
Kikubaaqudgha
Makhleb
Nemelex Xobeh
Okawaru
Uskayaw

Shops:
D:6 *


Innate Abilities, Weirdness & Mutations

You have a pair of horns on your head.
You reflexively headbutt those who attack you in melee.


Message History

The slime creature is heavily wounded.
The slime creature hits you.
You thump the slime creature!
The slime creature is severely wounded.
Two slime creatures merge to form a large slime creature.
You hit the large slime creature.
The large slime creature is moderately wounded.
You thump the large slime creature! You headbutt the large slime creature!
The large slime creature is heavily wounded.
The large slime creature hits you!
You barely miss the large slime creature.
Your headbutt misses the large slime creature.
The large slime creature is heavily wounded.
The large slime creature hits you but does no damage.
You hit the large slime creature. You headbutt the large slime creature.
The large slime creature is heavily wounded.
The large slime creature hits you.
You thump the large slime creature! You headbutt the large slime creature!
The large slime creature is severely wounded.
The large slime creature hits you!!
You hit the large slime creature.
The large slime creature is severely wounded.
A slime creature comes into view.
The large slime creature hits you!!
* * * LOW HITPOINT WARNING * * *
You gain the combat prowess of a mighty hero.
Okawaru will no longer gift you throwing weapons.
You block the large slime creature's attack.
You sock the large slime creature! You headbutt the large slime creature!
The large slime creature is almost dead.
You barely miss the large slime creature.
The large slime creature is almost dead.
Two slime creatures merge to form a very large slime creature.
You hit the very large slime creature.
The very large slime creature is heavily wounded.
You hit the very large slime creature.
The very large slime creature is heavily wounded.
The very large slime creature hits you!!!
Ouch! That really hurt!
You die...

#.###...### #.#
#...# #.###...#
#.......#
#......##
#####.## #.# ##
#.# #####...##
#.#####.@J......
#.......###...##
######### ##


You could see a very large slime creature.

Vanquished Creatures
  Joseph (D:7)
  Maggie (D:7)
  Prince Ribbit (D:5)
  A wyvern (D:8)
  A wraith (D:6)
  A steam dragon (D:7)
  The ghost of BaabKaare the Insei, an amateur HuTm (D:3)
  Menkaure (D:7)
  An ice beast (D:6)
  An ogre (D:7)
  A black bear (D:7)
  A centaur (D:5)
  A phantom (D:6)
  A bullfrog (D:6)
  4 scorpions
  A gnoll sergeant (D:6)
  A necrophage (D:4)
  3 killer bees (D:8)
  A howler monkey (D:7)
  4 quasits (D:3)
  2 hounds
  5 orc priests
  A jelly (D:6)
  Crazy Yiuf (D:5)
  A gnoll bouda (D:7)
  4 iguanas
  2 orc wizards
  12 gnolls
  6 adders
  3 dart slugs
  11 orcs
  10 bats
  4 endoplasms
  A giant cockroach (D:2)
  5 goblins
  4 hobgoblins
  12 jackals
  6 kobolds
  8 quokkas
  7 ball pythons
  A frilled lizard (D:2)
  7 rats
141 creatures vanquished.

Vanquished Creatures (others)
  An orc wizard (D:6)
  A fungus (D:1)
  38 plants
  A withered plant (D:1)
41 creatures vanquished.

Grand Total: 182 creatures vanquished

Notes
Turn   | Place    | Note
-------+----------+-------------------------------------------
     0 | D:1      | Oxelix the Minotaur Fighter began the quest for the Orb.
     0 | D:1      | Reached XP level 1. HP: 19/19 MP: 0/0
   228 | D:1      | Reached XP level 2. HP: 27/27 MP: 1/1
   251 | D:1      | Reached skill level 3 in Maces & Flails
   517 | D:1      | Found a faded altar of an unknown god.
  1149 | D:2      | Reached XP level 3. HP: 30/34 MP: 2/2
  1936 | D:3      | Found a transporter.
  1938 | D:3      | Noticed BaabKaare's ghost (amateur HuTm)
  1991 | D:3      | Found a transporter.
  2017 | D:3      | Reached skill level 5 in Fighting
  2017 | D:3      | Reached skill level 4 in Maces & Flails
  2017 | D:3      | Reached XP level 4. HP: 32/42 MP: 3/3
  2220 | D:3      | Found a sparkling altar of Nemelex Xobeh.
  2656 | D:4      | Noticed a scorpion
  2724 | D:4      | Killed a scorpion
  2725 | D:4      | Reached skill level 5 in Maces & Flails
  2725 | D:4      | Reached XP level 5. HP: 50/50 MP: 4/4
  2833 | D:4      | Reached XP level 6. HP: 57/57 MP: 5/5
  2839 | D:4      | Reached skill level 6 in Maces & Flails
  2878 | D:4      | Found a hide-covered altar of Uskayaw.
  3284 | D:5      | Entered Level 5 of the Dungeon
  3455 | D:5      | Noticed Prince Ribbit
  3468 | D:5      | Killed Prince Ribbit
  3469 | D:5      | Reached skill level 7 in Maces & Flails
  3469 | D:5      | Reached XP level 7. HP: 24/64 MP: 1/6
  3811 | D:5      | Found a runed translucent door.
  3812 | D:5      | Noticed Crazy Yiuf
  4162 | D:5      | Found a burning altar of Makhleb.
  4175 | D:5      | Found an iron altar of Okawaru.
  4179 | D:5      | Became a worshipper of Warmaster Okawaru
  4312 | D:5      | Killed Crazy Yiuf
  4402 | D:6      | Found a staircase to the Ecumenical Temple.
  4405 | D:6      | Reached skill level 8 in Maces & Flails
  4614 | D:6      | Found Dupiuppaok's Neck Hole.
  4705 | D:6      | Reached * piety under Okawaru
  4708 | D:6      | Reached skill level 9 in Maces & Flails
  4753 | D:6      | Reached XP level 8. HP: 52/74 MP: 4/7
  5031 | D:6      | Reached skill level 10 in Maces & Flails
  5322 | D:6      | Reached skill level 1 in Invocations
  5919 | D:7      | Reached ** piety under Okawaru
  6109 | D:7      | Found a broken altar of Ashenzari.
  6468 | D:7      | Found an opulent altar of Gozag.
  6587 | D:7      | Reached skill level 11 in Maces & Flails
  6631 | D:7      | Noticed Maggie
  6641 | D:7      | Killed Maggie
  6642 | D:7      | Reached XP level 9. HP: 83/83 MP: 6/10
  6644 | D:7      | Noticed Joseph
  6674 | D:7      | Killed Joseph
  6919 | D:7      | Noticed Menkaure
  6954 | D:7      | Killed Menkaure
  6955 | D:7      | Reached skill level 12 in Maces & Flails
  7370 | D:8      | Found an ancient bone altar of Kikubaaqudgha.
  7550 | D:3      | Killed BaabKaare's ghost
  7550 | D:3      | Reached *** piety under Okawaru
  7554 | D:3      | Reached skill level 10 in Fighting
  8407 | D:8      | Annihilated by a very large slime creature

Illustrated notes

Levels and vault maps discovered:
D:1:      scummos_arrival_gate, layout_basic, shapermc_ecumenical_altar_gd
D:2:      layout_basic, kennysheep_another_room, kennysheep_boxes
D:3:      layout_basic, nemelex_spade_bored_becter, gammafunk_ghost_stat_death
D:4:      layout_rooms, old_standard_altar, reono_crystal_passage
D:5:      layout_layer_cave, mainiacjoe_overflow_swirl, uniq_prince_ribbit1,
          uniq_crazy_yiuf_cottage
D:6:      cheibrodos_two_vegetables, layout_basic,
          minmay_temple_entry_large_hall, nicolae_shop_sticking_my_neck_out
D:7:      layout_loops_corners, general_overflow_altar,
          nicolae_gozag_cash_rules_everything_around_me, uniq_menkaure,
          uniq_joseph, uniq_maggie
D:8:      minmay_gate_of_8, layout_loops_corners, kiku_gazebo_pond_becter,
          zin_scriptorium, minmay_misc_feat_square

Skill      XL: |  1  2  3  4  5  6  7  8  9 |
---------------+----------------------------+-----
Fighting       | 4 5 6 7 9 10 | 10.0
Maces & Flails | 3 4 5 7 9 11 12 | 12.5
Invocations    | 2 4 |  4.3
Armour         | |  3.6
Shields        | |  3.6

Action                   |  1- 3 |  4- 6 |  7- 9 || total
-------------------------+-------+-------+-------++-------
Melee: Flail             |    98 |    99 |     8 ||   205
       Headbutt          |    15 |    19 |    48 ||    82
       Mace              |       |       |   209 ||   209
Invok: Heroism           |       |       |     5 ||     5
Armor: Scale mail        |    67 |    43 |       ||   110
       Plate armour      |       |     2 |    95 ||    97
Dodge: Dodged            |    53 |    47 |    94 ||   194
Block: Buckler           |    34 |    22 |    42 ||    98

Table legend: (Time is in decaauts)
 A = Elapsed time spent in this place.
 B = Non-inter-level travel time spent in this place.
 C = Inter-level travel time spent in this place.
 D = Time resting spent in this place.
 E = Time spent auto-exploring this place.
 F = Levels seen in this place.
 G = Mean time per level.
                   A        B        C        D        E       F      G
               +--------+--------+--------+--------+--------+-----+--------+
         Total |   8491 |   7787 |    704 |    945 |   5358 |   8 | 1061.4 |
       Dungeon |   8491 |   7787 |    704 |    945 |   5358 |   8 | 1061.4 |
               +--------+--------+--------+--------+--------+-----+--------+

Top non-repeatable levels by time:
     D:6: 1924 daAuts
     D:7: 1384 daAuts
     D:1: 1153 daAuts
     D:5: 1148 daAuts
     D:3: 808 daAuts
     D:2: 797 daAuts
     D:4: 700 daAuts
     D:8: 574 daAuts
